 Dungeon Crawl Stone Soup version 0.31-a0-1300-gb6740aa4e6 (webtiles) character file.

Game seed: 6229293522671517485

1774 grandjackal the Trooper (level 8, -2/73 HPs)
             Began as a Black Draconian Gladiator on Dec 18, 2023.
             Slain by Prince Ribbit (13 damage)
             ... on level 6 of the Dungeon.
             The game lasted 00:06:04 (4359 turns).

grandjackal the Trooper (Black Draconian Gladiator) Turns: 4359, Time: 00:06:05

Health: -2/73      AC:  8    Str: 16    XL:     8   Next: 80%
Magic:  8/8        EV: 15    Int: 10    God:
Gold:   61         SH:  0    Dex: 14    Spells: 7/7 levels left

rFire   . . .        a - +0 long sword (spect)
rCold   . . .        (no shield)
rNeg    . . .        (body armour unavailable)
rPois   .            b - +0 hat
rElec   +            e - +0 cloak
rCorr   .            j - +0 pair of gloves
SInv    +            (no boots)
Will    .....        (no amulet)
Stlth   +            q - ring of see invisible
HPRegen 0.32/turn    (no ring)
MPRegen 0.11/turn

%: no passive effects
@: no status effects
A: breathe lightning, AC +6, unfitting armour, electricity resistance,
cold-blooded
a: Breathe Lightning


You were on level 6 of the Dungeon.
You visited 1 branch of the dungeon, and saw 6 of its levels.

You collected 183 gold pieces.
You spent 122 gold pieces at shops.

Inventory:

Hand Weapons
 a - a +0 spectral long sword (weapon)
Missiles
 c - 3 throwing nets
 d - 4 javelins
 i - 10 poisoned darts (quivered)
Armour
 b - a +0 hat (worn)
 e - a +0 cloak (worn)
 j - a +0 pair of gloves (worn)
Jewellery
 g - a ring of poison resistance
 q - a ring of see invisible (left hand)
 v - a ring of protection from fire
Scrolls
 f - a scroll of noise {unknown}
 h - a scroll of revelation {unknown}
 k - 2 scrolls of teleportation {unknown}
 o - 2 scrolls of amnesia {unknown}
 r - a scroll of enchant armour {unknown}
 s - 2 scrolls of poison {unknown}
 t - a scroll of immolation {unknown}
 u - 2 scrolls of fog {unknown}
 w - a scroll of fear
 x - 2 scrolls of brand weapon
 y - a scroll of vulnerability
 A - a scroll of butterflies {unknown}
Potions
 l - a potion of heal wounds
 m - 2 potions of haste
 n - 2 potions of enlightenment
 p - a potion of curing
 z - a potion of lignification


   Skills:
 + Level 7.6 Fighting
 + Level 7.1 Long Blades
 - Level 2.0 Throwing
 + Level 6.5 Dodging


You had 7 spell levels left.
You didn't know any spells.
Your spell library contained the following spells:

 Spells                   Type           Power      Damage    Failure   Level
 Lesser Beckoning         Tloc           0%         N/A       50%         2
 Gell's Gravitas          Tloc           0%         N/A       75%         3
 Inner Flame              Hex/Fire       0%         N/A       75%         3
 Teleport Other           Tloc           0%         N/A       75%         3
 Flame Wave               Conj/Fire      0%         2d4       98%         4
 Sticky Flame             Conj/Fire      0%         2d3       98%         4


Dungeon Overview and Level Annotations

Branches:
Dungeon (6/15)
 Temple: D:4-7

Altars:
Qazlal
Xom

Shops:
D:4 *   D:5 !*

Annotations:
D:4 Edmund
D:6 Prince Ribbit


Innate Abilities, Weirdness & Mutations

You can breathe wild blasts of lightning.
Your glossy black scales are hard. (AC +6)
You cannot fit into any form of body armour.
You are resistant to electric shocks. (rElec)
You are cold-blooded and may be slowed by cold attacks.


Message History

You kill the black bear!
You feel sick.
Prince Ribbit completely misses your +0 spectral long sword.
Prince Ribbit misses your +0 spectral long sword.
The orc closely misses your +0 spectral long sword.
Your +0 spectral long sword disappears.
You feel sick.
You feel sick.
You are no longer poisoned.
You closely miss Prince Ribbit.
Your tail-slap misses Prince Ribbit.
Your +0 spectral long sword hits Prince Ribbit.
Prince Ribbit hits you!
* * * LOW HITPOINT WARNING * * *
You hit Prince Ribbit.
Prince Ribbit is moderately wounded.
Your +0 spectral long sword hits Prince Ribbit.
Prince Ribbit completely misses you. Prince Ribbit misses you.
You hit Prince Ribbit.
Your tail-slap misses Prince Ribbit.
Prince Ribbit is moderately wounded.
Your +0 spectral long sword hits Prince Ribbit.
Prince Ribbit barely misses you. The orc hits you but does no damage.
The orc barely misses your +0 spectral long sword.
You hit Prince Ribbit.
Prince Ribbit is heavily wounded.
Your +0 spectral long sword misses Prince Ribbit.
Prince Ribbit hits you!
* * * LOW HITPOINT WARNING * * *
The orc closely misses you.
The orc closely misses your +0 spectral long sword.
You miss Prince Ribbit.
Prince Ribbit is heavily wounded.
Your +0 spectral long sword barely misses Prince Ribbit.
Prince Ribbit misses you. x2; The orc hits you but does no damage.
The orc barely misses your +0 spectral long sword.
Unknown command.
You completely miss Prince Ribbit.
Prince Ribbit is heavily wounded.
Your +0 spectral long sword closely misses Prince Ribbit.
Prince Ribbit hits you!
You die...

.y.#
#.........#.........
...#
#.........'.........
.... .
#.........#.........
##### ..
#.........########.. ...
#...........>....###
.... #................#
..... #................#
......#†o.......)......#
$.....†.F@[..<.........#
......#.(..............#
..... #.........########
###. #.........# #
#.........# #.........#
#.........# #.........+
#.........#


You could see Prince Ribbit, an orc and a friendly +0 spectral long sword.

Vanquished Creatures
  2 water moccasins
  A black bear (D:6)
  A sky beast (D:6)
  2 ogres (D:5)
  A centaur (D:5)
  A phantom (D:4)
  A scorpion (D:4)
  6 killer bees
  2 jellies
  3 hounds
  A sleepcap (D:4)
  8 iguanas
  Natasha (thrice) (D:4)
  4 orc wizards
  8 adders
  3 gnolls
  2 shadow imps
  A white imp (D:6)
  2 dart slugs
  11 orcs
  5 endoplasms
  4 giant cockroaches
  5 goblins
  7 hobgoblins
  7 jackals (D:1)
  5 kobolds
  2 quokkas
  7 ball pythons
  7 bats
  3 frilled lizards
  4 rats
119 creatures vanquished.

Notes
Turn   | Place    | Note
-------+----------+-------------------------------------------
     0 | D:1      | grandjackal the Draconian Gladiator began the quest for the
                  | Orb.
     0 | D:1      | Reached XP level 1. HP: 17/17 MP: 1/1
   172 | D:1      | Reached XP level 2. HP: 25/25 MP: 2/2
  1068 | D:2      | Reached XP level 3. HP: 30/30 MP: 3/3
  1589 | D:3      | Found a shimmering altar of Xom.
  1631 | D:3      | Reached XP level 4. HP: 32/38 MP: 4/4
  1758 | D:3      | Found a stormy altar of Qazlal.
  2153 | D:3      | Reached XP level 5. HP: 36/46 MP: 5/5
  2369 | D:4      | Noticed Edmund
  2388 | D:4      | Noticed a phantom
  2397 | D:4      | Killed a phantom
  2399 | D:4      | Found Gukayfir's Assorted Antiques.
  2433 | D:4      | Bought a scroll labelled AGGUPH NYCUNA for 20 gold pieces
  2433 | D:4      | Bought 3 scrolls labelled LON KUR HIHE for 60 gold pieces
  2526 | D:4      | Reached XP level 6. HP: 49/53 MP: 6/6
  2598 | D:4      | Noticed Natasha
  2630 | D:4      | Killed Natasha
  2631 | D:4      | Reached skill level 5 in Fighting
  2725 | D:4      | Reached skill level 5 in Long Blades
  2768 | D:4      | Noticed Natasha
  2772 | D:4      | Killed Natasha
  2773 | D:4      | Your scales start taking on a glossy black colour.
  2773 | D:4      | Reached XP level 7. HP: 61/61 MP: 7/7
  2773 | D:4      | Gained mutation: You are resistant to electric shocks.
                  | (rElec) [Black Draconian growth]
  2800 | D:4      | Noticed Natasha
  2805 | D:4      | Killed Natasha
  2812 | D:5      | Entered Level 5 of the Dungeon
  2828 | D:5      | Found Vyamefem's Distillery.
  2835 | D:5      | Bought a potion of lignification for 42 gold pieces
  2970 | D:5      | Reached skill level 5 in Dodging
  3227 | D:5      | Reached XP level 8. HP: 30/70 MP: 8/8
  3419 | D:5      | Found Oteog's CLEARANCE SALE!.
  3910 | D:5      | HP: 1/71 [killer bee (7)]
  4342 | D:6      | Noticed Prince Ribbit
  4359 | D:6      | Slain by Prince Ribbit

Illustrated notes

Levels and vault maps discovered:
D:1:      evilmike_arrival_rings, layout_loops_corners, minmay_splitting_lines
D:2:      layout_rooms
D:3:      layout_basic, xom_teletrap_fun, lemuel_crystal_altar
D:4:      layout_rooms, serial_shops, nicolae_shop_hallway_stairs, uniq_edmund,
          uniq_natasha
D:5:      layout_gridville, serial_shops, shop, chequers_serial_rivers_micro_b,
          nrook_pool_corridor, nicolae_shop_clearance
D:6:      layout_gridville, mainiacjoe_overflow_paths, uniq_prince_ribbit1

Skill      XL: |  1  2  3  4  5  6  7  8 |
---------------+-------------------------+-----
Throwing       | 2 |  2.0
Dodging        | 3 4 5 6 |  6.5
Fighting       | 3 4 5 6 7 |  7.6
Long Blades    | 4 5 6 7 |  7.1

Action                     |  1- 3 |  4- 6 |  7- 9 || total
---------------------------+-------+-------+-------++-------
  Melee: Long sword        |   109 |   130 |   113 ||   352
         Tailslap          |    20 |    15 |    19 ||    54
         Punch             |       |     1 |     1 ||     2
    Use: Scroll            |     4 |     3 |     2 ||     9
         Potion            |       |     1 |     2 ||     3
   Stab: Sleeping          |     4 |     1 |       ||     5
         Distracted        |       |       |     2 ||     2
 Armour: Skin              |    73 |    70 |    85 ||   228
  Dodge: Dodged            |    81 |    91 |    93 ||   265

Table legend: (Time is in decaauts)
 A = Elapsed time spent in this place.
 B = Non-inter-level travel time spent in this place.
 C = Inter-level travel time spent in this place.
 D = Time resting spent in this place.
 E = Time spent auto-exploring this place.
 F = Levels seen in this place.
 G = Mean time per level.
                   A        B        C        D        E       F      G
               +--------+--------+--------+--------+--------+-----+--------+
         Total |   4423 |   4293 |    130 |    894 |   2293 |   6 |  737.2 |
       Dungeon |   4423 |   4293 |    130 |    894 |   2293 |   6 |  737.2 |
               +--------+--------+--------+--------+--------+-----+--------+

Top non-repeatable levels by time:
     D:5: 1376 daAuts
     D:1: 1080 daAuts
     D:3: 738 daAuts
     D:4: 568 daAuts
     D:2: 477 daAuts
     D:6: 182 daAuts
